AoeStats
← Imperio Argentino

Arena

508875176Analyzed
3v3 RM · 8d ago on Sep 24, 2026· 75m 21s· 6 players
Game mode
Random Map
Map size
Normal (6 player)
Population
200
Speed
Normal
Resources
Standard
Victory
Conquest
Starting age
Dark Age
Ending age
Imperial Age
RankedLock teamsTeams togetherTeam positionsShared explorationLock speedFull tech treeHidden civsTurbo modeCheats
Victory
Defeat
592
+10
🇦🇷 Burgundians · Argentina
566
+11
🇵🇪 Danes · Peru
376
+20
🇹🇷 Berbers · Türkiye
522
-16
🇨🇭 Danes · Switzerland
435
-13
🇺🇸 Chinese · United States
408
-12
Max PaUra
0:54 Loom
15:43 Feudal Age
23:11 Wheelbarrow
23:07 Town Watch
26:39 Castle Age
24:26 Man-at-Arms
27:49 Squires
28:40 Fletching
28:36 Long Swordsman
29:53 Padded Archer Armor
36:53 Forging
37:26 Hand Cart
37:05 Crossbowman
37:51 Thumb Ring
37:53 Double-Bit Axe
38:25 Redemption
38:22 Gambesons
41:34 Bodkin Arrow
42:17 Iron Casting
41:59 Leather Archer Armor
41:45 Scale Mail Armor
41:53 Arson
41:33 Pikeman
43:02 Town Patrol
46:21 Chain Mail Armor
50:10 Husbandry
52:13 Bloodlines
51:54 Light Cavalry
52:56 Masonry
52:44 Murder Holes
55:30 Horse Collar
58:40 Imperial Age
55:57 Elite Skirmisher
63:40 Chemistry
62:29 Arrowslits
62:20 Cranequins
63:04 Two-Handed Swordsman
63:08 Halberdier
67:26 Hoardings
71:57 Illumination
BobySlam⭕⃤
0:33 Loom
11:08 Feudal Age
12:25 Double-Bit Axe
19:41 Castle Age
18:33 Padded Archer Armor
19:35 Horse Collar
21:28 Fletching
21:37 Crossbowman
22:11 Gold Mining
24:34 Bodkin Arrow
27:10 Bow Saw
27:03 Heavy Plow
30:38 Thumb Ring
32:01 Ballistics
32:48 Heated Shot
37:04 Gold Shaft Mining
42:52 Imperial Age
42:18 Scale Barding Armor
42:24 Forging
44:25 Wheelbarrow
43:38 Town Watch
47:21 Conscription
46:55 Light Cavalry
47:36 Husbandry
48:51 Bloodlines
51:27 Chemistry
51:00 Leather Archer Armor
51:20 Iron Casting
51:11 Chain Barding Armor
55:25 Cavalier
60:31 Heavy Scorpion
64:24 Bracer
64:40 Leather Archer Armor
64:26 Scale Mail Armor
65:52 Iron Casting
liuzi!
0:42 Loom
17:10 Feudal Age
20:31 Double-Bit Axe
20:31 Horse Collar
20:44 Stone Mining
20:44 Gold Mining
21:52 Wheelbarrow
21:03 Town Watch
21:23 Gold Mining
21:48 Forging
21:39 Scale Mail Armor
32:18 Castle Age
31:24 Padded Archer Armor
31:15 Fletching
33:38 Hand Cart
33:24 Town Patrol
33:28 Heavy Plow
33:41 Bow Saw
34:09 Stone Shaft Mining
34:10 Gold Shaft Mining
34:14 Iron Casting
34:31 Chain Mail Armor
34:14 Bodkin Arrow
37:07 Leather Archer Armor
41:44 Imperial Age
39:58 Fortified Wall
39:59 Masonry
40:11 Ballistics
41:09 Arson
41:24 Squires
40:45 Pikeman
42:52 Conscription
43:57 Two-Man Saw
44:03 Chemistry
43:34 Architecture
43:09 Caravan
44:12 Blast Furnace
43:42 Plate Mail Armor
45:06 Halberdier
47:47 Bracer
48:18 Ring Archer Armor
48:18 Plate Mail Armor
47:42 Arrowslits
47:54 Murder Holes
50:08 Elite Chu Ko Nu
SilverAgeGamer
1:15 Loom
13:59 Feudal Age
14:32 Double-Bit Axe
14:44 Man-at-Arms
19:11 Arson
21:35 Horse Collar
26:17 Wheelbarrow
29:24 Castle Age
27:59 Forging
27:51 Scale Mail Armor
31:01 Caravan
31:03 Pikeman
31:05 Long Swordsman
31:47 Squires
31:33 Gambesons
36:53 Fletching
39:41 Gold Mining
39:45 Stone Mining
42:28 Hand Cart
42:35 Bow Saw
43:07 Stone Shaft Mining
43:11 Gold Shaft Mining
43:40 Town Watch
46:22 Iron Casting
46:04 Chain Mail Armor
45:45 Bodkin Arrow
46:23 Ballistics
47:00 Murder Holes
47:16 Masonry
50:49 Imperial Age
49:52 Hamask
55:12 Halberdier
55:14 Elite Varangian Guard
55:20 Onager
59:04 Heavy Scorpion
59:06 Siege Onager
59:21 Two-Handed Swordsman
60:59 Conscription
62:31 Champion
69:40 Town Patrol
『GTO』ヾ柠檬NINGMENG
12:08 Feudal Age
17:53 Castle Age
29:58 Imperial Age
30:52 Forging
33:22 Conscription
36:06 Scale Barding Armor
37:40 Wheelbarrow
41:11 Iron Casting
44:11 Blast Furnace
43:34 Chain Barding Armor
47:39 Hand Cart
47:13 Double-Bit Axe
48:49 Plate Barding Armor
48:29 Bloodlines
48:21 Husbandry
48:47 Bow Saw
48:21 Horse Collar
50:59 Elite Tarkan
63:01 Coinage
62:32 Caravan
62:44 Guilds
63:47 Marauders
65:30 Marauders
Imperio Argentino
3:34 Loom
9:16 Wheelbarrow
11:13 Double-Bit Axe
13:59 Gold Mining
16:30 Feudal Age
18:20 Horse Collar
20:20 Hand Cart
20:13 Town Watch
23:07 Castle Age
21:10 Heavy Plow
21:24 Bow Saw
21:18 Stone Mining
22:19 Forging
22:16 Scale Barding Armor
23:48 Gold Shaft Mining
23:51 Stone Shaft Mining
23:55 Padded Archer Armor
23:45 Fletching
25:55 Crop Rotation
27:39 Cavalier
28:20 Husbandry
30:09 Two-Man Saw
32:58 Burgundian Vineyards
35:55 Iron Casting
35:41 Chain Barding Armor
35:44 Town Patrol
40:15 Imperial Age
39:57 Fortified Wall
39:43 Murder Holes
40:08 Ballistics
40:07 Leather Archer Armor
39:48 Bodkin Arrow
40:18 Elite Coustillier
41:20 Conscription
40:29 Paladin
42:20 Blast Furnace
41:06 Onager
43:31 Chemistry
43:57 Plate Barding Armor
Connection lost

Rejoining the realm…

Still unreachable

The connection could not be restored.

Session expired

The server has moved on; the page needs a fresh start.